Unix NetHack Version 5.0.0-0 post-release - last build Jun 10 2026 00:39:30 (3ee93aec679c4c4259841fe613dc97188e26a321,branch:main).

Game began 2026-06-12 17:33:08, ended 2026-06-12 17:49:40.

KraJa, chaotic male elven Priest

    -----------
    |..........##                                          --------------
    |.........|####-----                                   |............|
    ----.------   #-....#                              ####.............|
        #          |..(|#                              #   |............|
        #          |...|#                              # ##.<(..........|
       ##          --.--%                           #### # |...........*|
       #             # ##                         ######## ------------.-
     ###             ##%                          ###                  #
     #                 #       ----------------   #                    #
 ----.---------      ####      |..............| ###                    #
 |.@u.........|      #--.--    |..............|  ##                    #
 |.e.>........|      #-...|    |...............###         ------------+---
 |............|       |...|   #...............|            |..............|
 |.^f.........|       |...-####----------------            |!!!!!!!!!!!!!!|
 |............|       -----                                |!!!!!!!!!!!]!!|
 --------------                                            |!]!!!!!!!!!!!!|
                                                           ----------------

KraJa the Acolyte            St:18 Dx:8 Co:10 In:16 Wi:16 Ch:8  Chaotic
Dlvl:5  $:58 HP:0(34) Pw:35(35) AC:7  Xp:4/81 T:2871 

Latest messages:
 You hear someone cursing shoplifters.
 Pita misses the floating eye.
 Pita is frozen by the floating eye's gaze!
 You stop searching.
 Pick a monster, object or location.
 You kill the giant rat!
 You stop searching.
 You hit the iguana!
 You kill the iguana!
 You see here an uncursed iguana corpse.
 There is an uncursed iguana corpse here; eat it? [ynq] (n)
 This iguana corpse tastes terrible!
 You finish eating the iguana corpse.
 You find a rolling boulder trap.
 You stop searching.
 Pita bites the floating eye.
 Pita is frozen by the floating eye's gaze!
 The gnome zombie hits!
 You destroy the gnome zombie!
 Welcome to experience level 4.
 You feel awake!
 You stop searching.
 Pick a monster, object or location.
 You miss the pony.
 The pony kicks!
 The pony bites!
 The pony kicks!
 The pony bites!
 You hit the pony!
 The pony kicks!
 The pony bites!
 You miss the pony.
 The pony kicks!
 The pony bites!
 You miss the pony.
 The pony kicks!
 The pony bites!
 The pony kicks!
 The pony bites!
 What do you want to write with? [- aiko or ?*]
 You write in the dust with your fingertip.
 The pony kicks!
 The pony bites!
 What do you want to write with? [- aiko or ?*]
 Do you want to add to the current engraving? [ynq] (y)
 You wipe out the message that was written in the dust here.
 You write in the dust with your fingertip.
 The pony kicks!
 You die...
 Do you want your possessions identified? [ynq] (y)

Inventory:
 Coins    ('$')
  $ - 58 gold pieces
 Weapons  (')')
  a - a blessed +1 mace (weapon in right hand)
 Armor    ('[')
  x - an uncursed +0 shield of reflection
  c - an uncursed +0 small shield (being worn)
  C - an uncursed +0 robe named T@0 (being worn)
 Comestibles  ('%')
  e - an uncursed clove of garlic
  n - a cursed fortune cookie
  f - an uncursed sprig of wolfsbane
  u - an uncursed lichen corpse
 Scrolls  ('?')
  p - an uncursed scroll of enchant armor
  w - an uncursed scroll of identify
  v - an uncursed scroll of taming
 Spellbooks  ('+')
  h - an uncursed spellbook of cure sickness
  g - an uncursed spellbook of light
 Potions  ('!')
  s - an uncursed potion of healing
  y - an uncursed potion of invisibility
  d - 4 potions of holy water
 Wands    ('/')
  o - an uncursed wand of striking named @ (0:6)
 Tools    ('(')
  j - an uncursed wooden harp
  i - an uncursed magic marker (0:21)
 Gems/Stones  ('*')
  k - an uncursed worthless piece of red glass (in quiver pouch)

KraJa the Priest's attributes:

Background:
 You were an Acolyte, a level 4 elven Priest.
 You were chaotic, on a mission for Huan Ti
 who was opposed by Shan Lai Ching (lawful) and Chih Sung-tzu (neutral).
 You were right-handed.
 You were in the Dungeons of Doom, on level 5.
 You entered the dungeon 2871 turns ago.
 You had 81 experience points, 79 more were needed to attain level 5.

Basics:
 You had 0 out of 34 hit points.
 You had all 35 energy points (spell power).
 Your armor class was 7.
 Your wallet contained 58 zorkmids.
 Autopickup was on for all types, with exceptions.

Final Characteristics:
 Your strength was 18 (limit:18).
 Your dexterity was 8 (limit:18).
 Your constitution was 10 (limit:16).
 Your intelligence was 16 (limit:20).
 Your wisdom was 16 (limit:20).
 Your charisma was 8 (limit:18).

Final Status:
 You weren't hungry.
 You were unencumbered.
 You were wielding a mace.
 You had basic skill with mace.

Final Attributes:
 You were piously aligned.
 You were sleep resistant.
 You were telepathic.
 You had infravision.
 You were guarded.
 Your spell casting was enhanced by wearing a robe.
 You are dead.

Miscellaneous:
 You encountered 1 bones level.
 Total elapsed playing time was 16 minutes and 29 seconds.

Major events:
 Turn
    1: KraJa the chaotic elven Priest entered the dungeon
  783: entered the Gnomish Mines
 2268: attained the rank of Acolyte (level 3)
 2871: killed by a pony

Spells:
 Name                 Level Category     Fail Retention
 light                  1   clerical       0%   81%-90%
 cure sickness          3   healing       90%  76%-100%

Skills:
 Fighting Skills
   bare handed combat [Unskilled]
 Weapon Skills
   club               [Unskilled]
   mace               [Basic]
   morning star       [Unskilled]
   flail              [Unskilled]
   hammer             [Unskilled]
   quarterstaff       [Unskilled]
   polearms           [Unskilled]
   spear              [Unskilled]
   trident            [Unskilled]
   lance              [Unskilled]
   bow                [Unskilled]
   sling              [Unskilled]
   crossbow           [Unskilled]
   dart               [Unskilled]
   shuriken           [Unskilled]
   boomerang          [Unskilled]
   unicorn horn       [Unskilled]
 Spellcasting Skills
   healing spells     [Unskilled]
   divination spells  [Unskilled]
   clerical spells    [Basic]

Voluntary challenges:
 Character rerolling was not enabled.
 You never genocided any monsters.
 You never polymorphed an object.
 You never changed form.
 You used no wishes.
Achievements:
 You entered the Gnomish Mines.
 You entered a shop.
 You attained the rank of Acolyte.

 The Dungeons of Doom: levels 1 to 6
    Level 1:
       A fountain, some sinks.
    Level 2:
       Stairs down to The Gnomish Mines.
    Level 3:
       A general store.
    Level 4:
       A fountain.
    Level 5: <- You were here.
       A potion shop.
       Final resting place for
          you, killed by a pony.
    Level 6:
       A fountain.
       Final resting place for
          h2g2-Ran-Elf-Fem-Cha, killed by a rock piercer.
 The Gnomish Mines:
    Level 3:


Vanquished creatures:
  a rock mole
  a floating eye
 an orc zombie
  2 iguanas
 an acid blob
  2 coyotes
  a gas spore
  2 manes
  2 giant rats
  a gnome zombie
  2 geckos
  4 jackals
  a kobold
  2 sewer rats
 12 grid bugs
  2 lichens
  2 kobold zombies
  3 newts
42 creatures vanquished.

No species were genocided or became extinct.

Game over:
                       ----------
                      /          \
                     /    REST    \
                    /      IN      \
                   /     PEACE      \
                  /                  \
                  |      KraJa       |
                  |      58 Au       |
                  | killed by a pony |
                  |                  |
                  |                  |
                  |                  |
                  |       2026       |
                 *|     *  *  *      | *
        _________)/\\_//(\/(/\)/\//\/|_)_______

Goodbye KraJa the Priest...

You died in The Dungeons of Doom on dungeon level 5 with 627 points,
and 58 pieces of gold, after 2871 moves.
You were level 4 with a maximum of 34 hit points when you died.

